 Dungeon Crawl Stone Soup version 0.27-a0-170-g607d9e9d85 (webtiles) character file.

Game seed: 15694095589858526953

170 hatsuma the Caller (level 5, -2/28 HPs)
             Began as a Deep Elf Summoner on Jan 28, 2021.
             Was an Initiate of Sif Muna.
             Killed from afar by Natasha (4 damage)
             ... with a magic dart
             ... on level 3 of the Dungeon on Jan 29, 2021.
             The game lasted 00:39:03 (3137 turns).

hatsuma the Caller (Deep Elf Summoner)              Turns: 3137, Time: 00:39:04

Health: -2/28      AC:  4    Str:  5    XL:     5   Next: 25%
Magic:  8/14       EV: 13    Int: 21    God:    Sif Muna [......]
Gold:   197        SH:  0    Dex: 15    Spells: 1/13 levels left

rFire    + . .     SeeInvis .   h - +4 dagger (chaos)
rCold    . . .     Faith    .   (no shield)
rNeg     . . .     Spirit   .   a - +0 robe
rPois    .         Reflect  .   (no helmet)
rElec    .         Harm     .   e - +0 cloak
rCorr    .         Rampage  .   (no gloves)
Will     .....                  j - +0 pair of boots
Stlth    ++........             (no amulet)
HPRegen  0.09/turn              r - ring of protection from fire
MPRegen  0.14/turn              (no ring)

@: no status effects
A: no striking features
a: Renounce Religion


You were on level 3 of the Dungeon.
You worshipped Sif Muna.
Sif Muna was noncommittal.
You visited 1 branch of the dungeon, and saw 3 of its levels.

You collected 197 gold pieces.

Inventory:

Hand Weapons
 h - a +4 dagger of chaos (weapon)
Missiles
 f - 8 javelins
 n - 42 arrows
Armour
 a - a +0 robe (worn)
 e - a +0 cloak (worn)
 j - a +0 pair of boots (worn)
Jewellery
 r - a ring of protection from fire (left hand)
Scrolls
 b - a scroll of amnesia
 d - a scroll of fog
 g - a scroll of remove curse
 m - a scroll of magic mapping {unknown}
 o - a scroll of teleportation {unknown}
Potions
 c - a potion of resistance {unknown}
 i - 2 potions of lignification
 k - a potion of cancellation {unknown}
 l - a potion of flight {unknown}
 p - a potion of haste {unknown}
 q - 4 potions of curing
 s - a potion of might {unknown}
 t - 3 potions of heal wounds {unknown}


   Skills:
 - Level 2.4 Dodging
 - Level 2.4 Stealth
 - Level 4.8 Spellcasting
 - Level 2.0 Hexes
 + Level 5.8 Summonings
 - Level 1.4 Ice Magic


You had one spell level left.
You knew the following spells:

 Your Spells              Type           Power        Failure   Level
a - Call Canine Familiar  Summ           29%          3%          3
b - Call Imp              Summ           29%          1%          2
c - Summon Guardian Gole  Hex/Summ       21%          6%          3
d - Summon Ice Beast      Ice/Summ       20%          24%         4

Your spell library contained the following spells:

 Spells                   Type           Power        Failure   Level
 Summon Small Mammal      Summ           100%         1%          1
 Summon Lightning Spire   Summ/Air       17%          32%         4


Dungeon Overview and Level Annotations

Branches:
Dungeon (3/15)

Altars:
Makhleb
Qazlal
Sif Muna
Trog
Wu Jian
Xom

Annotations:
D:3 Natasha


Message History

Your hound barely misses the crimson imp.
Your crimson imp blinks!
Your crimson imp closely misses Natasha.
You hit Natasha.
Natasha is severely wounded.
Your hound bites the crimson imp but does no damage.
The crimson imp hits your crimson imp but does no damage.
Natasha stares at you and mumbles some strange words.
The magic dart hits you.
* * * LOW HITPOINT WARNING * * *
Your crimson imp hits the crimson imp.
Your hound completely misses the crimson imp.
Your crimson imp blinks! x3
You see here a leather armour.
Your hound bites the crimson imp but does no damage.
Your crimson imp blinks!
The crimson imp sputters.
Natasha casts a spell at you. The magic dart hits you.
You die...

.###.....#.#####.### #######
.............5.....######.....#
####.##....###.............##.#
#.####### ##...#######..##5# #.#
##.## #..##.# #.# #.# #..##†#
#.# #.# #....)### #.# ##'##
##....... ##.### ##.@.##
##.#####. ##....## ##..h5.##
#......#. #...(.<# ##5.5[...##
##.###.#.
#......####...h.....####...##.#.
#.........'.§[..5...'...........
##.....####.........####...##.##
###..## ##.......## ##.###.#
#.## ##.....## #####.##
#.#########.§.## ###...#


You could see Natasha, a crimson imp (summoned), a friendly hound (summoned) and
3 friendly crimson imps.

Vanquished Creatures
  An adder (D:3)
  A dart slug (D:1)
  3 giant cockroaches
  4 kobolds
  3 bats
  2 frilled lizards (D:3)
  A goblin (D:3)
  A rat (D:3)
16 creatures vanquished.

Vanquished Creatures (collateral kills)
  A crimson imp (D:3)
  An orc priest (D:3)
  A worker ant (D:2)
  Natasha (D:3)
  5 adders
  2 oozes
  A worm (D:3)
  3 dart slugs
  3 orcs
  A ball python (D:2)
  A giant cockroach (D:1)
  10 goblins
  7 hobgoblins
  15 jackals
  13 bats
  5 kobolds
  7 rats
77 creatures vanquished.

Grand Total: 93 creatures vanquished

Notes
Turn   | Place    | Note
-------+----------+-------------------------------------------
     0 | D:1      | hatsuma the Deep Elf Summoner began the quest for the Orb.
     0 | D:1      | Reached XP level 1. HP: 10/10 MP: 6/6
   401 | D:1      | Reached XP level 2. HP: 12/15 MP: 5/9
   404 | D:1      | Learned a level 2 spell: Call Imp
  1268 | D:2      | Reached XP level 3. HP: 17/19 MP: 4/11
  1365 | D:2      | You fall into a shaft and drop 1 floor!
  1669 | D:2      | Learned a level 3 spell: Call Canine Familiar
  1673 | D:2      | Learned a level 3 spell: Summon Guardian Golem
  1687 | D:2      | Reached skill level 5 in Summonings
  1748 | D:2      | Reached skill level 1 in Hexes
  1748 | D:2      | Reached XP level 4. HP: 24/24 MP: 9/12
  1753 | D:2      | Learned a level 4 spell: Summon Ice Beast
  2365 | D:3      | Noticed Natasha
  2392 | D:3      | Killed Natasha
  2393 | D:3      | Reached skill level 1 in Ice Magic
  2703 | D:3      | Found a bloodstained altar of Trog.
  2703 | D:3      | Found a shimmering blue altar of Sif Muna.
  2709 | D:3      | Found an ornate altar of the Wu Jian Council.
  2711 | D:3      | Found a faded altar of an unknown god.
  2712 | D:3      | Found a faded altar of an unknown god.
  2736 | D:3      | Became a worshipper of Sif Muna the Loreminder
  2761 | D:3      | Found a shimmering altar of Xom.
  2761 | D:3      | Found a burning altar of Makhleb.
  2771 | D:3      | Reached XP level 5. HP: 28/28 MP: 14/14
  2813 | D:3      | Found a stormy altar of Qazlal.
  3113 | D:3      | Noticed Natasha
  3134 | D:3      | HP: 1/28 [Natasha/magic dart (5)]
  3137 | D:3      | Killed from afar by Natasha

Illustrated notes

Levels and vault maps discovered:
D:1:      dpeg_arrival_subterranean_lakeside_camping, layout_rooms,
          minmay_liquid_box, patterned_corridor
D:2:      minmay_chambers_of_ones, layout_basic, minmay_fractal_squares_5
D:3:      layout_loops_corners, grunt_temple_overflow_champion_of_chaos,
          nicolae_qazlal_general_emergency, chequers_temple_overflow_minitemple,
          st_stairs_14, uniq_natasha

Skill      XL: |  1  2  3  4 |
---------------+-------------+-----
Spellcasting   | 4 |  4.8
Summonings     | 5 |  5.8
Hexes          | 1 2 |  2.0
Ice Magic      | 1 |  1.4
Dodging        | |  2.4
Stealth        | |  2.4

Action                   |  1- 3 |  4- 6 || total
-------------------------+-------+-------++-------
Melee: Unarmed           |    13 |       ||    13
       Dagger            |    39 |    43 ||    82
 Cast: Summon Small Mamm |    24 |       ||    24
       Call Imp          |    21 |    15 ||    36
       Call Canine Famil |     2 |     5 ||     7
       Summon Guardian G |       |     1 ||     1
  Use: Scroll            |     1 |     7 ||     8
 Stab: Distracted        |     1 |       ||     1
       Sleeping          |     2 |     4 ||     6
Armor: Robe              |    14 |    25 ||    39
Dodge: Dodged            |    64 |    40 ||   104

Table legend: (Time is in decaauts)
 A = Elapsed time spent in this place.
 B = Non-inter-level travel time spent in this place.
 C = Inter-level travel time spent in this place.
 D = Time resting spent in this place.
 E = Time spent auto-exploring this place.
 F = Levels seen in this place.
 G = Mean time per level.
                   A        B        C        D        E       F      G
               +--------+--------+--------+--------+--------+-----+--------+
         Total |   3140 |   3044 |     96 |    707 |    133 |   3 | 1046.7 |
       Dungeon |   3140 |   3044 |     96 |    707 |    133 |   3 | 1046.7 |
               +--------+--------+--------+--------+--------+-----+--------+

Top non-repeatable levels by time:
     D:2: 1095 daAuts
     D:3: 1031 daAuts
     D:1: 1013 daAuts
